 Dungeon Crawl Stone Soup version 0.22.1-1-ga44c0e5 (webtiles) character file.

142 HoaS the Ruffian (level 5, -3/33 HPs)
             Began as a Gargoyle Monk on Oct 6, 2018.
             Was a Believer of Okawaru.
             Killed from afar by Natasha (7 damage)
             ... with a magic dart
             ... on level 4 of the Dungeon.
             The game lasted 00:13:04 (2589 turns).

HoaS the Ruffian (Gargoyle Monk)                    Turns: 2589, Time: 00:13:05

Health: -3/33      AC: 11    Str: 15    XL:     5   Next: 24%
Magic:  3/5        EV: 15    Int: 10    God:    Okawaru [**....]
Gold:   179        SH:  0    Dex: 13    Spells: 4/4 levels left

rFire    . . .     SeeInvis .     - Unarmed
rCold    . . .     Gourm    .   (no shield)
rNeg     + . .     Faith    .   i - +0 ring mail
rPois    ∞         Spirit   .   (no helmet)
rElec    +         Reflect  .   f - +0 cloak
rCorr    .         Harm     .   (no gloves)
MR       .....                  (no boots)
Stlth    +++.......             (no amulet)
HPRegen  0.11/turn              (no ring)
MPRegen  0.09/turn              (no ring)

@: heroism, slowed, very slow
A: negative energy resistance 1, electricity resistance, unbreathing,
petrification resistance, rot immunity, AC +4
a: Heroism, Renounce Religion


You were on level 4 of the Dungeon.
You worshipped Okawaru.
Okawaru was pleased with you.
You were not hungry.

You visited 1 branch of the dungeon, and saw 4 of its levels.

You collected 179 gold pieces.

Inventory:

Armour
 f - a +0 cloak (worn)
 i - a +0 ring mail (worn)
Jewellery
 j - an uncursed amulet of guardian spirit {unknown}
 n - an uncursed ring of wizardry {unknown}
 o - an uncursed ring of fire {unknown}
 r - a cursed -3 ring of protection {unknown}
 s - an uncursed amulet of the gourmand {unknown}
 t - a +5 ring of strength {unknown}
Scrolls
 a - a scroll of fog {unknown}
 c - 2 scrolls of teleportation
 k - 2 scrolls of random uselessness
 q - a scroll of magic mapping
Potions
 d - a potion of resistance
 e - a potion of haste {unknown}
 g - a potion of mutation
 h - a potion of heal wounds {unknown}
 l - a potion of berserk rage {unknown}
 m - 2 potions of flight {unknown}
Comestibles
 b - 8 rations


   Skills:
 + Level 4.2(9.2) Fighting
 + Level 3.0(8.0) Dodging
 - Level 2.1(7.1) Stealth
 * Level 4.5(9.5) Unarmed Combat
 + Level 1.0 Invocations


You had 4 spell levels left.
You didn't know any spells.
Your spell library was empty.

Dungeon Overview and Level Annotations

Branches:
Dungeon (4/15)
 Temple: D:4-7

Altars:
Okawaru
Xom

Shops:
D:4 *

Annotations:
D:3 2 transporters, bnggit's ghost, amateur DrBe
D:4 Natasha


Innate Abilities, Weirdness & Mutations

You are resistant to torment.
Your stone body is resilient. (AC +4)
You are immune to poison.
You resist negative energy. (rN+)
You are resistant to electric shocks. (rElec)
You can survive without breathing.
You are immune to petrification.
You are immune to rotting.


Message History

You feel yourself slow down. The iron imp barely misses you.
You closely miss Natasha. Your punch misses Natasha.
Natasha is heavily wounded.
Natasha claws you. The iron imp hits you.
* * * LOW HITPOINT WARNING * * *
You hit Natasha but do no damage.
Natasha is heavily wounded.
Natasha misses you.
The iron imp hits you but does no damage.
Natasha claws you.
* * * LOW HITPOINT WARNING * * *
You gain the combat prowess of a mighty hero.
The iron imp hits you but does no damage.
Natasha closely misses you.
You hit Natasha.
Natasha is severely wounded.
The iron imp completely misses you.
Natasha stares at you and mumbles some strange words.
The magic dart hits you!
You die...

#.......###
#....#
#######.#
#....#
#.##+ #.#..
#.#.####
#.#.#.. #
#.#.#.##.#
#.#.5....#
#.#.@h..#
###.#.#####
#.....#
#######


You could see an iron imp and Natasha.

Vanquished Creatures
  A crimson imp (D:4)
  5 adders
  3 oozes
  2 dart slugs
  3 orcs (D:3)
  A goblin (D:3)
  4 hobgoblins
  7 jackals
  6 kobolds
  2 quokkas
  A ball python (D:1)
  5 bats
  4 frilled lizards (D:2)
  2 rats (D:2)
46 creatures vanquished.

Notes
Turn   | Place    | Note
-------+----------+-------------------------------------------
     0 | D:1      | HoaS the Gargoyle Monk began the quest for the Orb.
     0 | D:1      | Reached XP level 1. HP: 14/14 MP: 1/1
   228 | D:1      | Reached XP level 2. HP: 13/19 MP: 2/2
   867 | D:2      | Reached XP level 3. HP: 23/23 MP: 3/3
   872 | D:2      | Found an iron altar of Okawaru.
  1073 | D:2      | Found a bloodstained altar of Trog.
  1075 | D:2      | Found a shimmering altar of Xom.
  1075 | D:2      | Found a shimmering altar of Xom.
  1077 | D:2      | Found an ornate altar of the Wu Jian Council.
  1077 | D:2      | Found a shimmering altar of Xom.
  1077 | D:2      | Found a hide-covered altar of Uskayaw.
  1514 | D:3      | Found a transporter.
  1514 | D:3      | Noticed bnggit's ghost (amateur DrBe)
  1517 | D:3      | Found a transporter.
  1566 | D:3      | Reached XP level 4. HP: 23/29 MP: 4/4
  2105 | D:2      | Became a worshipper of Warmaster Okawaru
  2105 | D:2      | Reached * piety under Okawaru
  2105 | D:2      | Reached ** piety under Okawaru
  2230 | D:4      | Reached XP level 5. HP: 31/33 MP: 5/5
  2231 | D:4      | Found Lowy's Assorted Antiques.
  2298 | D:4      | Reached skill level 1 in Invocations
  2572 | D:4      | Noticed Natasha
  2589 | D:4      | Killed from afar by Natasha

Skill      XL: |  1  2  3  4  5 |
---------------+----------------+-----
Unarmed Combat | 4 |  4.5
Fighting       | 4 |  4.2
Dodging        | 3 |  3.0
Invocations    | 1 |  1.0
Stealth        | |  2.1

Action                   |  1- 3 |  4- 6 || total
-------------------------+-------+-------++-------
Melee: Unarmed           |   110 |    95 ||   205
Invok: Heroism           |       |     1 ||     1
  Use: Scroll            |     7 |     2 ||     9
 Stab: Sleeping          |     5 |     1 ||     6
  Eat: Chunk             |     2 |     3 ||     5
Armor: Robe              |    32 |    27 ||    59
       Ring mail         |       |     4 ||     4
Dodge: Dodged            |    53 |    60 ||   113
